 Dungeon Crawl Stone Soup version 0.25-b1-41-g19641232cd (webtiles) character file.

Game seed: 1347597649707395091

328 Anathary the Covert (level 6, -2/39 HPs)
             Began as an Octopode Assassin on June 8, 2020.
             Was a Follower of Dithmenos.
             Slain by a sky beast (5 damage)
             ... on level 6 of the Dungeon.
             The game lasted 00:15:34 (4057 turns).

Anathary the Covert (Octopode Assassin)             Turns: 4057, Time: 00:15:34

Health: -2/39      AC:  1    Str: 11    XL:     6   Next: 50%
Magic:  0/6        EV: 13    Int: 13    God:    Dithmenos [*.....]
Gold:   312        SH:  0    Dex: 15    Spells: 5/5 levels left

rFire    . . .     SeeInvis .   a - +2 dagger
rCold    + . .     Gourm    .   (no shield)
rNeg     . . .     Faith    .   (helmet restricted)
rPois    .         Spirit   +   i - amulet of guardian spirit
rElec    .         Reflect  .   h - ring of protection from cold
rCorr    .         Harm     .   (no ring)
MR       .....                  (no ring)
Stlth    ++++++....             (no ring)
HPRegen  0.13/turn              (no ring)
MPRegen  0.10/turn              (no ring)
                                (no ring)
                                (no ring)

@: wreathed by umbra
A: almost no armour, stealthy swim, amphibious, 8 rings, constrict 8, camouflage
1, gelatinous body 1
a: Renounce Religion


You were on level 6 of the Dungeon.
You worshipped Dithmenos.
Dithmenos was aware of your devotion.
You were not hungry.

You visited 2 branches of the dungeon, and saw 7 of its levels.

You collected 312 gold pieces.

Inventory:

Hand Weapons
 a - a +2 dagger (weapon)
Missiles
 b - 21 poisoned darts (quivered)
 c - 2 curare-tipped darts
Jewellery
 h - a ring of protection from cold (left tentacle)
 i - an amulet of guardian spirit (around mantle)
Scrolls
 f - a scroll of amnesia
 l - 2 scrolls of identify
 m - a scroll of magic mapping
 s - a scroll of enchant weapon {unknown}
 t - a scroll of enchant armour {unknown}
Potions
 e - 2 potions of heal wounds
 g - 2 potions of magic {unknown}
 j - a potion of resistance {unknown}
 k - a potion of brilliance {unknown}
 o - 2 potions of curing {unknown}
 q - a potion of lignification {unknown}
Comestibles
 d - 8 rations
 n - 7 chunks of flesh


   Skills:
 - Level 2.0 Fighting
 + Level 3.4 Short Blades
 - Level 2.0 Throwing
 + Level 1.6 Dodging
 + Level 9.5 Stealth


You had 5 spell levels left.
You didn't know any spells.
Your spell library contained the following spells:

 Spells                   Type           Power        Failure   Level  Hunger
 Animate Skeleton         Necr           N/A          30%         1    ##.....
 Pain                     Necr           #...         30%         1    ##.....
 Vampiric Draining        Necr           #.........   67%         3    ####...
 Animate Dead             Necr           N/A          97%         4    #####..
 Agony                    Necr           #.......     100%        5    ######.


Dungeon Overview and Level Annotations

Branches:
Dungeon (6/15)             Temple (1/1) D:4

Altars:
Ashenzari
Cheibriados
Dithmenos
Ru
Sif Muna
Trog
Uskayaw
Vehumet
Yredelemnul
The Shining One


Innate Abilities, Weirdness & Mutations

You cannot wear most types of armour.
You are very stealthy in the water. (Stealth+)
You are amphibious.
You can wear up to eight rings at the same time.
You can use your tentacles to constrict eight enemies at once.
Your skin changes colour to match your surroundings (Stealth+).
Your rubbery body absorbs attacks. (AC +1, EV +1)


Message History

You hit the sky beast but do no damage.
The sky beast is lightly wounded.
The sky beast flickers out of sight!
Deactivating autopickup; reactivate with Ctrl-A.
Something hits you. Something shocks you.
The hound barks!
You hear a bark!
You miss something. Something hits you. Something shocks you.
* * * LOW HITPOINT WARNING * * *
You barely miss something. Your squeeze misses something.
You closely miss something. Your squeeze misses something. Something hits you.
* * * LOW HITPOINT WARNING * * *
Something shocks you.
* * * LOW HITPOINT WARNING * * *
A hound comes into view.
You hit something. You squeeze something! Something barely misses you.
The hound bites you.
* * * LOW HITPOINT WARNING * * *
You miss something. Your squeeze misses something. The hound bites you.
Something hits you.
You die...

######### #..# ........#
#..# # ........#
###..######. ........#
#.........? .#......#
#........## #.##....#
#..........
...#....####......#
.#..#...'.......@{#
.[.#....#######..h......
#.##....# ###......#
.#......# .......
........# ...##.#
........# ..h# #
........# !##. ########
.. ..


You could see 2 hounds.

Vanquished Creatures
  An ogre (D:4)
  A howler monkey (D:5)
  A crimson imp (D:6)
  An orc wizard (D:4)
  5 adders
  An adder skeleton (D:5)
  A worm (D:3)
  2 dart slugs
  6 leopard geckos
  4 orcs
  3 giant cockroaches
  9 goblins
  10 hobgoblins
  11 jackals
  5 kobolds
  4 quokkas
  2 ball pythons
  5 bats
  4 frilled lizards
  7 rats
83 creatures vanquished.

Notes
Turn   | Place    | Note
-------+----------+-------------------------------------------
     0 | D:1      | Anathary the Octopode Assassin began the quest for the Orb.
     0 | D:1      | Reached XP level 1. HP: 14/14 MP: 1/1
   136 | D:1      | Reached XP level 2. HP: 19/19 MP: 2/2
   158 | D:1      | Reached skill level 6 in Stealth
   177 | D:1      | You fall into a shaft and drop 1 floor!
   254 | D:1      | Reached XP level 3. HP: 24/24 MP: 3/3
   813 | D:2      | Reached skill level 7 in Stealth
  1364 | D:2      | Reached XP level 4. HP: 21/29 MP: 4/4
  2129 | D:3      | Found a shimmering blue altar of Sif Muna.
  2626 | D:4      | Found a staircase to the Ecumenical Temple.
  2634 | Temple   | Entered the Ecumenical Temple
  2651 | Temple   | Became a worshipper of Dithmenos the Shadowed
  2686 | D:4      | Noticed an ogre
  2689 | D:4      | Killed an ogre
  2689 | D:4      | Reached skill level 8 in Stealth
  2689 | D:4      | Reached XP level 5. HP: 34/34 MP: 5/5
  3038 | D:4      | Noticed a phantom
  3097 | D:5      | Entered Level 5 of the Dungeon
  3129 | D:5      | Reached skill level 9 in Stealth
  3129 | D:5      | Reached XP level 6. HP: 39/39 MP: 6/6
  3793 | D:5      | Noticed a phantom
  3847 | D:6      | Reached * piety under Dithmenos
  4035 | D:6      | Noticed a sky beast
  4057 | D:6      | Slain by a sky beast

Illustrated notes

Levels and vault maps discovered:
D:1:      dpeg_arrival_erosion, layout_rooms, chequers_serial_rivers_small_a
D:2:      layout_basic, first_ration
D:3:      layout_basic, marbit_many_paths
D:4:      cheibrodos_greedy_goblins, layout_rooms,
          minmay_temple_entry_glassed_door, biasface_ghost_orc_armoury
D:5:      layout_layer_cave, lemuel_doored_altar, basic_altar
D:6:      layout_loops_ring, kennysheep_generic_room_2
Temple:   regret_index_temple_chain_breaker

Skill      XL: |  1  2  3  4  5 |
---------------+----------------+-----
Stealth        | 6 7 8 9 |  9.5
Short Blades   | 3 |  3.4
Fighting       | |  2.0
Throwing       | |  2.0
Dodging        | |  1.6

Action                   |  1- 3 |  4- 6 || total
-------------------------+-------+-------++-------
Melee: Dagger            |    53 |   119 ||   172
       Constrict         |    11 |    27 ||    38
       Tentacles         |     2 |    25 ||    27
  Use: Scroll            |       |     7 ||     7
       Potion            |       |     2 ||     2
 Stab: Sleeping          |    17 |    13 ||    30
  Eat: Chunk             |     1 |     3 ||     4
       Ration            |       |     2 ||     2
Armor: Skin              |     7 |     7 ||    14
Dodge: Dodged            |    23 |    57 ||    80
